12 | 0:03 | Drone | |
13 | 0:12 | Drone | |
14 | 0:21 | Extractor | |
14 | 0:22 | Drone | |
15 | 0:32 | Overlord | |
15 | 1:06 | Hatchery | |
14 | 1:11 | Drone | |
14 | 1:16 | Drone | |
16 | 1:22 | Drone | |
16 | 1:27 | Drone | |
18 | 1:33 | Drone | |
19 | 1:46 | Drone | |
20 | 1:58 | Spawning Pool | |
19 | 2:02 | Drone | |
19 | 2:07 | Drone | |
21 | 2:16 | Drone | |
22 | 2:22 | Drone | |
22 | 2:29 | Queen | |
25 | 2:33 | Drone | |
25 | 2:37 | Drone | |
27 | 2:41 | Extractor | |
27 | 2:43 | Extractor | |
27 | 2:46 | Drone | |
26 | 2:55 | Overlord | |
26 | 3:00 | Evolution Chamber | |
26 | 3:04 | Drone | |
26 | 3:08 | Drone | |
27 | 3:17 | Drone | |
28 | 3:25 | Drone | |
28 | 3:26 | Queen | |
29 | 3:32 | Drone | |
29 | 3:36 | Overlord | |
30 | 3:42 | Heroic Fortitude | |
30 | 3:50 | Drone | |
30 | 3:51 | Drone | |
32 | 4:06 | Zerg Melee Weapons Level 1 | |
32 | 4:16 | Drone | |
32 | 4:17 | Drone x6 | |
32 | 4:18 | Lair | |
39 | 4:36 | Hatchery | |
38 | 4:42 | Overlord | |
38 | 4:45 | Drone | |
38 | 4:49 | Drone | |
40 | 4:51 | Drone | |
40 | 4:56 | Drone | |
42 | 5:03 | Drone | |
43 | 5:19 | Chain Reaction | |
43 | 5:23 | Metabolic Boost | |
43 | 5:25 | Nydus Network | |
42 | 5:33 | Drone x4 | |
42 | 5:34 | Drone, Extractor | |
42 | 5:35 | Extractor | |
42 | 5:36 | Drone | |
46 | 5:49 | Drone x5 | |
51 | 6:11 | Zerg Melee Weapons Level 2 | |
51 | 6:26 | Zergling x8 | |
51 | 6:27 | Zergling x6 | |
51 | 6:28 | Overlord x2 | |
51 | 6:29 | Hive | |
58 | 6:34 | Hydralisk Den | |
57 | 6:43 | Zergling x6 | |
57 | 6:44 | Zergling | |
57 | 6:46 | Hardened Carapace, Zergling | |
57 | 6:47 | Zergling x8 | |
57 | 6:49 | Zergling x8 | |
42 | 6:50 | Zergling x6 | |
57 | 6:51 | Zergling x3 | |
57 | 6:52 | Zergling x4 | |
57 | 6:53 | Zergling x2 | |
57 | 6:57 | Zergling x5 | |
57 | 6:58 | Zergling x5 | |
57 | 6:59 | Omega Worm, Zergling x4 | |
43 | 7:00 | Zergling x2 | |
57 | 7:03 | Drone | |
57 | 7:07 | Nydus Network | |
57 | 7:30 | Drone | |
57 | 7:31 | Ability Efficiency | |
57 | 7:33 | Nydus Network | |
57 | 7:35 | Adrenal Overload, Zergling x4 | |
57 | 7:36 | Ancillary Carapace, Zergling x8 | |
57 | 7:37 | Zergling x3 | |
57 | 7:38 | Zergling x3 | |
57 | 7:39 | Zergling x5 | |
57 | 7:44 | Zergling x2 | |
57 | 7:45 | Zergling x16 | |
57 | 7:46 | Zergling x10 | |
71 | 7:54 | Zergling x7 | |
71 | 7:55 | Zergling x2 | |
71 | 7:58 | Omega Worm | |
70 | 8:13 | Overlord | |
70 | 8:19 | Zerg Melee Weapons Level 3 | |
70 | 8:32 | Shredding Claws, Zergling x5 | |
70 | 8:33 | Muscular Augments, Zergling x3 | |
70 | 8:34 | Zergling | |
70 | 8:35 | Zergling x6 | |
70 | 8:37 | Zergling x7 | |
70 | 8:42 | Zergling x6 | |
70 | 8:43 | Overlord x2, Zergling x6 | |
82 | 8:50 | Hydralisk x3 | |
82 | 8:55 | Omega Worm | |
80 | 9:14 | Zergling x2 | |
80 | 9:15 | Zergling x14 | |
80 | 9:16 | Overlord x3 | |
94 | 9:22 | Zergling x10 | |
94 | 9:23 | Hydralisk x2, Zergling x4 | |
94 | 9:24 | Frenzy, Hydralisk, Zergling x19 | |
94 | 9:25 | Zergling x27 | |
94 | 9:26 | Zergling x18 | |
94 | 9:27 | Zergling x28 | |
94 | 9:28 | Zergling x18 | |
94 | 9:29 | Zergling x12 | |
94 | 9:30 | Zergling x24 | |
94 | 9:31 | Zergling x18 | |
94 | 9:32 | Zergling x9 | |
94 | 9:33 | Zergling x9 | |
94 | 9:34 | Zergling x12 | |
94 | 9:35 | Zergling x23 | |
94 | 9:36 | Zergling x6 | |
94 | 9:37 | Omega Worm | |
94 | 9:44 | Omega Worm | |
94 | 9:47 | Zerg Missile Weapons Level 1 | |
105 | 9:53 | Hydralisk, Zergling x3 | |
105 | 9:54 | Hydralisk x5, Zergling x4 | |
105 | 9:55 | Zergling x3 | |
105 | 9:56 | Zergling x3 | |
105 | 9:57 | Zergling x8 | |
105 | 9:58 | Zergling x5 | |
105 | 9:59 | Zergling x10 | |
100 | 10:00 | Zergling x4 | |
100 | 10:02 | Zergling x3 | |
97 | 10:10 | Zergling x5 | |
97 | 10:11 | Zergling x9 | |
97 | 10:12 | Zergling x9 | |
97 | 10:13 | Zergling x18 | |
97 | 10:14 | Zergling x12 | |
97 | 10:15 | Zergling x13 | |
97 | 10:16 | Zergling x6 | |
97 | 10:17 | Zergling | |
97 | 10:18 | Zergling x8 | |
97 | 10:19 | Zergling x12 | |
63 | 10:20 | Zergling x4 | |
109 | 10:21 | Zergling x14 | |
109 | 10:22 | Zergling x4 | |
109 | 10:23 | Zergling x4 | |
109 | 10:24 | Hydralisk x6, Zergling x3 | |
109 | 10:25 | Zergling x2 | |
109 | 10:26 | Zergling x16 | |
109 | 10:27 | Zergling x3 | |
109 | 10:28 | Zergling x2 | |
109 | 10:29 | Zergling | |
107 | 10:30 | Zergling x2 | |
107 | 10:31 | Zergling x6 | |
107 | 10:32 | Zergling x5 | |
107 | 10:33 | Zergling x2 | |
107 | 10:34 | Zergling x25 | |
107 | 10:35 | Zergling x9 | |
107 | 10:36 | Zergling x19 | |
107 | 10:37 | Zergling x6 | |
107 | 10:38 | Zergling x12 | |
107 | 10:39 | Zergling x12 | |
65 | 10:40 | Zergling x14 | |
106 | 10:41 | Zergling x27 | |
106 | 10:42 | Zergling x11 | |
106 | 10:43 | Zergling x10 | |
106 | 10:44 | Zergling x13 | |
106 | 10:45 | Zergling x9 | |
106 | 10:46 | Zergling x9 | |
106 | 10:47 | Zergling x8 | |
106 | 10:48 | Zergling x14 | |
106 | 10:49 | Zergling x10 | |
115 | 10:50 | Zergling x4 | |
115 | 10:51 | Zergling x5 | |
115 | 10:52 | Zergling x18 | |
115 | 10:53 | Zergling x4 | |
115 | 10:54 | Zergling x4 | |
115 | 10:55 | Zergling x17 | |
115 | 10:56 | Zergling x13 | |
115 | 10:57 | Zergling x8 | |
115 | 10:58 | Zergling x7 | |
115 | 10:59 | Omega Worm, Zergling x7 | |
114 | 11:00 | Zergling x2 | |
114 | 11:01 | Zergling x10 | |
114 | 11:02 | Zergling x7 | |
114 | 11:03 | Zergling x9 | |
114 | 11:04 | Zergling x10 | |
114 | 11:05 | Zergling x8 | |
114 | 11:06 | Zergling x9 | |
114 | 11:07 | Zergling x10 | |
114 | 11:08 | Zergling x6 | |
114 | 11:09 | Zergling x4 | |
68 | 11:10 | Zergling x5 | |
121 | 11:12 | Zergling | |
121 | 11:13 | Hydralisk x2, Zergling x2 | |
121 | 11:14 | Hydralisk x2, Zergling x14 | |
121 | 11:15 | Zergling x6 | |
121 | 11:16 | Zergling x10 | |
121 | 11:17 | Omega Worm, Zergling x6 | |
121 | 11:18 | Zergling x9 | |
121 | 11:19 | Zergling x7 | |
69 | 11:20 | Zergling x8 | |
120 | 11:21 | Zergling x4 | |
120 | 11:22 | Zergling x8 | |
120 | 11:23 | Zergling | |
120 | 11:24 | Zergling x4 | |
120 | 11:25 | Zergling x5 | |
120 | 11:26 | Zergling x4 | |
120 | 11:27 | Overlord x2 | |
120 | 11:28 | Overlord x2, Zergling x4 | |
120 | 11:31 | Zerg Missile Weapons Level 2 | |
120 | 11:39 | Zergling x3 | |
71 | 11:40 | Omega Worm, Zergling | |
120 | 11:41 | Zergling x2 | |
120 | 11:42 | Zergling x3 | |
120 | 11:43 | Overlord x3, Zergling x6 | |
120 | 11:44 | Zergling x6 | |
120 | 11:45 | Zergling x9 | |
120 | 11:46 | Zergling x11 | |
120 | 11:47 | Zergling x7 | |
120 | 11:48 | Zergling x6 | |
120 | 11:49 | Zergling x10 | |
119 | 11:50 | Zergling x13 | |
119 | 11:51 | Zergling x5 | |
119 | 11:52 | Zergling x6 | |
119 | 11:53 | Zergling x15 | |
119 | 11:54 | Zergling x8 | |
119 | 11:55 | Zergling x20 | |
119 | 11:56 | Zergling x8 | |
119 | 11:57 | Zergling x24 | |
119 | 11:58 | Zergling x10 | |
119 | 11:59 | Zergling x15 | |
73 | 12:00 | Zergling x8 | |
119 | 12:01 | Zergling x2 | |
119 | 12:02 | Omega Worm | |
119 | 12:03 | Zergling x23 | |
119 | 12:04 | Zergling x8 | |
119 | 12:05 | Zergling x5 | |
119 | 12:06 | Zergling x21 | |
119 | 12:07 | Zergling x10 | |
119 | 12:08 | Zergling x18 | |
119 | 12:09 | Zergling x10 | |
116 | 12:10 | Zergling x8 | |
116 | 12:11 | Zergling x7 | |
116 | 12:12 | Zergling x21 | |
116 | 12:13 | Zergling x31 | |
116 | 12:14 | Zergling x12 | |
116 | 12:15 | Zergling x7 | |
116 | 12:16 | Zergling x19 | |
116 | 12:17 | Zergling x10 | |
116 | 12:18 | Zergling x15 | |
116 | 12:19 | Zergling x4 | |
75 | 12:20 | Zergling x8 | |
127 | 12:21 | Zergling x11 | |
127 | 12:22 | Zergling x7 | |
127 | 12:23 | Zergling x8 | |
127 | 12:24 | Zergling x5 | |
127 | 12:25 | Zergling x12 | |
127 | 12:26 | Zergling x7 | |
127 | 12:27 | Zergling x9 | |
127 | 12:28 | Zergling x13 | |
127 | 12:29 | Zergling x2 | |
127 | 12:30 | Zergling x8 | |
127 | 12:31 | Zergling x12 | |
127 | 12:33 | Omega Worm | |
131 | 13:02 | Zergling x5 | |
131 | 13:03 | Zergling x6 | |
131 | 13:04 | Zergling x5 | |
131 | 13:05 | Hydralisk x3, Zergling x9 | |
131 | 13:06 | Hydralisk x5, Zergling x2 | |
131 | 13:07 | Zergling x4 | |
131 | 13:08 | Zergling x2 | |
131 | 13:09 | Zergling x3 | |
141 | 13:10 | Zerg Missile Weapons Level 3 | |
141 | 13:13 | Omega Worm | |
141 | 13:21 | Zergling x4 | |
141 | 13:22 | Zergling x10 | |
141 | 13:23 | Zergling | |
156 | 13:42 | Hydralisk | |
156 | 13:43 | Hydralisk x7 | |
156 | 13:53 | Zergling x3 | |
156 | 13:57 | Omega Worm | |
156 | 13:59 | Omega Worm | |
156 | 14:20 | Overlord x5 | |
156 | 14:26 | Zergling x5 | |
156 | 14:27 | Omega Worm, Zergling x7 | |
156 | 14:28 | Zergling x6 | |
156 | 14:29 | Zergling x3 | |
88 | 14:30 | Zergling x8 | |
156 | 14:38 | Zerg Ground Armor Level 1 | |
183 | 15:10 | Hydralisk | |
183 | 15:11 | Hydralisk x13 | |
183 | 15:13 | Omega Worm, Zergling x8 | |
183 | 15:14 | Zergling x8 | |
183 | 15:15 | Zergling x2 | |
195 | 15:40 | Omega Worm, Hydralisk x4 | |
195 | 15:41 | Hydralisk x2 | |
193 | 16:03 | Drone x7, Zergling x16 | |
193 | 16:04 | Zergling x8 | |
193 | 16:05 | Zergling x5 | |
193 | 16:06 | Zerg Ground Armor Level 2, Zergling x7 | |
193 | 16:07 | Zergling x21 | |
193 | 16:08 | Zergling x16 | |
193 | 16:09 | Zergling | |
200 | 16:26 | Omega Worm | |
199 | 16:30 | Omega Worm | |
199 | 16:34 | Zergling x13 | |
199 | 16:35 | Zergling x12 | |
199 | 16:36 | Zergling x8 | |
199 | 16:37 | Zergling x3 | |
199 | 16:38 | Zergling x11 | |
199 | 16:39 | Zergling x4 | |
198 | 16:40 | Zergling x3 | |
198 | 16:44 | Zergling x2 | |
198 | 16:54 | Drone | |
198 | 17:01 | Spore Crawler x2 | |
198 | 17:03 | Spore Crawler | |
198 | 17:04 | Spore Crawler | |
198 | 17:06 | Spore Crawler | |
163 | 17:10 | Omega Worm | |
169 | 17:21 | Drone | |
169 | 17:22 | Drone x8 | |
169 | 17:23 | Spore Crawler, Drone | |
169 | 17:24 | Spore Crawler | |
169 | 17:25 | Hydralisk x3 | |
169 | 17:26 | Hydralisk x5 | |
187 | 17:30 | Zerg Ground Armor Level 3 | |
187 | 17:58 | Spore Crawler | |
187 | 17:59 | Spore Crawler | |
185 | 18:00 | Spore Crawler | |
185 | 18:04 | Spore Crawler | |
185 | 18:06 | Spore Crawler | |
182 | 18:17 | Drone | |
182 | 18:18 | Drone x7 | |
190 | 18:34 | Spore Crawler | |
197 | 18:40 | Spore Crawler x2 | |
197 | 18:41 | Spore Crawler | |
197 | 18:43 | Spore Crawler, Hydralisk x3 | |
197 | 18:44 | Hydralisk | |
197 | 18:45 | Spore Crawler | |
197 | 18:48 | Spore Crawler | |
197 | 18:49 | Spore Crawler | |
190 | 18:53 | Spore Crawler | |
190 | 18:58 | Spore Crawler | |
188 | 19:13 | Spore Crawler x2 | |
188 | 19:14 | Spore Crawler | |
188 | 19:16 | Spore Crawler | |
188 | 19:22 | Hydralisk x2 | |
188 | 19:29 | Omega Worm | |
186 | 19:50 | Drone | |
186 | 19:51 | Drone x13 | |
200 | 20:12 | Omega Worm | |
200 | 20:16 | Omega Worm | |
200 | 20:34 | Omega Worm | |
200 | 20:35 | Spore Crawler | |
200 | 20:38 | Spore Crawler | |
198 | 20:40 | Spore Crawler | |
198 | 20:41 | Spore Crawler | |
198 | 20:42 | Spore Crawler | |
195 | 20:51 | Spore Crawler | |
195 | 20:54 | Spore Crawler | |
195 | 20:55 | Spore Crawler | |
195 | 20:57 | Spore Crawler, Hydralisk x2 | |
195 | 20:58 | Spore Crawler, Hydralisk | |
200 | 21:00 | Hydralisk | |
200 | 21:01 | Hydralisk | |
200 | 21:04 | Hydralisk | |
200 | 21:13 | Spore Crawler | |
200 | 21:15 | Spore Crawler | |
200 | 21:18 | Spore Crawler | |
197 | 21:33 | Spore Crawler | |
200 | 21:44 | Hydralisk x2 | |
200 | 22:14 | Omega Worm | |
199 | 23:01 | Hydralisk | |
199 | 23:05 | Hydralisk | |
188 | 23:10 | Hydralisk x2 | |
188 | 23:11 | Hydralisk | |
188 | 23:16 | Hydralisk x2 | |
188 | 23:17 | Hydralisk x3 | |